 Seeded DCSS version 0.31-a0-208-gdb31a4691d (webtiles) character file.

Game seed: 10414033630809901341 (custom seed)

555 innerfire43 the Slasher (level 7, -3/52 HPs)
             Began as a Demonspawn Monk on June 28, 2023.
             Was a Believer of Vehumet.
             Slain by a kobold brigand
             ... wielding a +2 whip of chaos
              (7 damage)
             ... on level 3 of the Dungeon.
             The game lasted 00:03:46 (2819 turns).

innerfire43 the Slasher (Demonspawn Monk)           Turns: 2819, Time: 00:03:49

Health: -3/52      AC:  2    Str: 14    XL:     7   Next: 8%
Magic:  7/7        EV: 14    Int: 11    God:    Vehumet [**....]
Gold:   146        SH:  5    Dex: 15    Spells: 6/6 levels left

rFire   + . .        n - +9 great sword of Sewiefups {heavy, Stlth+}
rCold   . . .        (shield currently unavailable)
rNeg    . . .        b - +0 robe
rPois   .            (no helmet)
rElec   .            (no cloak)
rCorr   .            (no gloves)
SInv    .            (no boots)
Will    .....        i - amulet of reflection
Stlth   ++           f - +4 ring of slaying
HPRegen 0.28/turn    g - ring of protection from fire
MPRegen 0.10/turn

%: reflection
@: lethally poisoned (-3 -> -10)
A: hooves 2, demonic guardian 2, weakness stinger 1
a: Renounce Religion


You were on level 3 of the Dungeon.
You worshipped Vehumet.
Vehumet was pleased with you.
You visited 1 branch of the dungeon, and saw 4 of its levels.

You collected 146 gold pieces.

Inventory:

Hand Weapons
 a - a +0 falchion
 n - the +9 great sword of Sewiefups (weapon) {heavy, Stlth+}
   (You found it on level 2 of the Dungeon)

   Stlth:     It makes you more stealthy.
Armour
 b - a +0 robe (worn)
 d - an orb of light
 m - a +0 pair of gloves
Jewellery
 f - a +4 ring of slaying (left hand)
 g - a ring of protection from fire (right hand)
 i - an amulet of reflection (around neck)
 t - a ring of positive energy
Wands
 s - a wand of paralysis (9)
Scrolls
 e - 3 scrolls of identify {unknown}
 h - 4 scrolls of teleportation {unknown}
 j - a scroll of blinking {unknown}
 k - a scroll of fog {unknown}
 l - 3 scrolls of revelation {unknown}
 o - 2 scrolls of fear {unknown}
 p - a scroll of immolation {unknown}
 r - a scroll of brand weapon {unknown}
Potions
 c - a potion of ambrosia
 q - a potion of curing


   Skills:
 - Level 3.0 Fighting
 * Level 5.5 Long Blades
 * Level 5.5 Dodging


You had 6 spell levels left.
You didn't know any spells.
Your spell library was empty.

Dungeon Overview and Level Annotations

Branches:
Dungeon (4/15)
 Temple: D:4-7

Altars:
Vehumet
Wu Jian


Innate Abilities, Weirdness & Mutations

You have hoof-like feet.
A demonic guardian rushes to your aid.
You have a small tail.


Message History

* * * LOW HITPOINT WARNING * * *
The kobold brigand barely misses you.
You barely miss the kobold brigand. Your kick misses the kobold brigand.
Your tail-slap misses the kobold brigand.
The kobold brigand closely misses you.
The kobold brigand hits you with a +2 whip of chaos.
* * * LOW HITPOINT WARNING * * *
Unknown command.
You are confused.
You feel invigorated.
The kobold brigand completely misses you.
You closely miss the kobold brigand. You kick the kobold brigand!
The kobold brigand is moderately wounded.
The kobold brigand misses you.
The kobold brigand hits you with a +2 whip of chaos.
* * * LOW HITPOINT WARNING * * *
Unknown command.
You bump into the rock wall.
The kobold brigand hits you with a +2 whip of chaos!
* * * LOW HITPOINT WARNING * * *
A demonic guardian appears!
You are lethally poisoned!
You bump into the rock wall.
* * * LOW HITPOINT WARNING * * *
You feel very sick. Something closely misses your hellwing.
Something hits your hellwing.
The kobold brigand hits you with a +2 whip of chaos.
* * * LOW HITPOINT WARNING * * *
The kobold brigand freezes you.
* * * LOW HITPOINT WARNING * * *
Your hellwing hits the kobold!
The kobold dies!
Vehumet accepts your kill.
You bump into the rock wall.
You feel less invigorated.
You feel less confused.
* * * LOW HITPOINT WARNING * * *
You feel very sick.
Something hits your hellwing but does no damage.
The kobold brigand hits you with a +2 whip of chaos!
You die...

#.#.....# #####.###
##.'.###..##........
#..'.....[##.##...#.
#..K.###.$#.........
#K.#.....###.#......
#KK##~⌠~## #........
#...##### #####.##.
#4###.# #....
#)K@5.# #.###
#####.# ##.## #.#
##...## #.##
##.....# #..##
##.......
##...####....)...
#.......'........
##...####.....>..
##..# ##.......


You could see a kobold brigand (ally target), a friendly hellwing (summoned) and
a friendly white imp (summoned).

Vanquished Creatures
  The ghost of innerfire43 the Trooper, an amateur DsMo (D:3)
  A howler monkey (D:4)
  2 jellies
  A gnoll bouda (D:4)
  Terence (D:2)
  An iguana (D:4)
  8 gnolls (D:4)
  5 adders
  2 worms
  2 dart slugs
  8 orcs
  6 endoplasms
  2 giant cockroaches
  8 goblins
  4 hobgoblins
  7 jackals
  7 kobolds
  4 quokkas
  7 ball pythons
  8 bats
  3 frilled lizards
  5 rats
93 creatures vanquished.

Vanquished Creatures (collateral kills)
  A gnoll (D:4)
  A kobold (D:3)
2 creatures vanquished.

Grand Total: 95 creatures vanquished

Notes
Turn   | Place    | Note
-------+----------+-------------------------------------------
     0 | D:1      | innerfire43 the Demonspawn Monk began the quest for the
                  | Orb.
     0 | D:1      | Reached XP level 1. HP: 18/18 MP: 1/1
    99 | D:1      | Gained mutation: A weak demonic guardian rushes to your
                  | aid. [demonic ancestry]
    99 | D:1      | Reached XP level 2. HP: 21/24 MP: 2/2
   503 | D:1      | Discovered your monstrous ancestry.
   503 | D:1      | Gained mutation: You have large cloven feet. [demonic
                  | ancestry]
   503 | D:1      | Reached XP level 3. HP: 29/29 MP: 3/3
   909 | D:2      | Identified the +9 great sword of Sewiefups {heavy, Stlth+}
  1039 | D:2      | Noticed Terence
  1042 | D:2      | Killed Terence
  1043 | D:2      | Gained mutation: You have hoof-like feet. [demonic
                  | ancestry]
  1043 | D:2      | Reached XP level 4. HP: 33/35 MP: 4/4
  1534 | D:3      | Reached XP level 5. HP: 41/41 MP: 5/5
  1566 | D:3      | You fall into a shaft and drop 1 floor!
  1640 | D:4      | Gained mutation: You have a small tail. [demonic ancestry]
  1640 | D:4      | Reached XP level 6. HP: 33/47 MP: 6/6
  1753 | D:4      | Reached skill level 5 in Long Blades
  1753 | D:4      | Reached skill level 5 in Dodging
  1898 | D:3      | Found a faded altar of an unknown god.
  2306 | D:3      | Found a runed translucent gate.
  2306 | D:3      | Found a runed translucent gate.
  2306 | D:3      | Found a runed translucent gate.
  2309 | D:3      | Noticed innerfire43's ghost (amateur DsMo)
  2376 | D:3      | Found an ornate altar of the Wu Jian Council.
  2726 | D:3      | Prayed at the altar of an unknown god.
  2726 | D:3      | Became a worshipper of Vehumet
  2726 | D:3      | Reached * piety under Vehumet
  2726 | D:3      | Offered knowledge of Kiss of Death by Vehumet.
  2726 | D:3      | Reached ** piety under Vehumet
  2812 | D:3      | Killed innerfire43's ghost
  2813 | D:3      | Gained mutation: A demonic guardian rushes to your aid.
                  | [demonic ancestry]
  2813 | D:3      | Reached XP level 7. HP: 12/52 MP: 7/7
  2819 | D:3      | Slain by a kobold brigand

Illustrated notes

Levels and vault maps discovered:
D:1:      heliophobic_arrival_henge, layout_basic
D:2:      layout_rooms, uniq_terence
D:3:      layout_loops_corners, mainiacjoe_overflow_cross_hatched,
          nicolae_wu_jian_immortal_techniques, gammafunk_ghost_nasty_kobolds,
          shapermc_ecumenical_altar_flowoftime
D:4:      layout_rooms, minmay_temple_entry_glassed_door

Skill      XL: |  1  2  3  4  5  6 |
---------------+-------------------+-----
Long Blades    | 3 4 5 |  5.5
Dodging        | 3 4 5 |  5.5
Fighting       | |  3.0

Action                     |  1- 3 |  4- 6 |  7- 9 || total
---------------------------+-------+-------+-------++-------
  Melee: Falchion          |    76 |       |       ||    76
         Great sword       |    13 |    74 |     3 ||    90
         Kick              |     5 |    12 |     1 ||    18
         Tailslap          |       |     1 |       ||     1
    Use: Potion            |       |     2 |     1 ||     3
   Stab: Sleeping          |     2 |    11 |       ||    13
 Armour: Robe              |    12 |     6 |       ||    18
  Dodge: Dodged            |    91 |    68 |     4 ||   163
  Block: Other             |     4 |    23 |       ||    27
         Reflection        |       |     1 |       ||     1

Table legend: (Time is in decaauts)
 A = Elapsed time spent in this place.
 B = Non-inter-level travel time spent in this place.
 C = Inter-level travel time spent in this place.
 D = Time resting spent in this place.
 E = Time spent auto-exploring this place.
 F = Levels seen in this place.
 G = Mean time per level.
                   A        B        C        D        E       F      G
               +--------+--------+--------+--------+--------+-----+--------+
         Total |   2937 |   2773 |    164 |      0 |   2053 |   4 |  734.2 |
       Dungeon |   2937 |   2773 |    164 |      0 |   2053 |   4 |  734.2 |
               +--------+--------+--------+--------+--------+-----+--------+

Top non-repeatable levels by time:
     D:3: 1227 daAuts
     D:1: 909 daAuts
     D:2: 509 daAuts
     D:4: 290 daAuts
